AoeStats
← Can

Arena

506778584Analyzed
1v1 RM · 17d ago on Sep 15, 2026· 33m 35s· 2 players
Game mode
Random Map
Map size
Tiny (2 player)
Population
200
Speed
Normal
Resources
Standard
Victory
Conquest
Starting age
Dark Age
Ending age
Imperial Age
RankedLock teamsTeams togetherTeam positionsShared explorationLock speedFull tech treeHidden civsTurbo modeCheats
Victory
Defeat
🇦🇷 Burgundians · Argentina
460
+16
🇲🇽 Maya · Mexico
451
-16
Can
0:51 Loom
10:33 Feudal Age
12:07 Double-Bit Axe
12:57 Horse Collar
13:14 Gold Mining
17:48 Arson
21:57 Castle Age
20:18 Stone Mining
21:49 Forging
22:52 Wheelbarrow
23:08 Eagle Warrior
23:39 Treadmill Crane
24:32 Murder Holes
26:45 Heavy Plow
26:40 Fletching
27:42 Stone Shaft Mining
30:12 Town Watch
El Pelado Masterchef
4:22 Loom
4:41 Double-Bit Axe
8:24 Horse Collar
13:05 Feudal Age
12:54 Stone Mining
17:44 Fletching
18:00 Scale Barding Armor
22:06 Heavy Plow
24:01 Forging
26:48 Castle Age
27:18 Crossbowman
Connection lost

Rejoining the realm…

Still unreachable

The connection could not be restored.

Session expired

The server has moved on; the page needs a fresh start.